 Dungeon Crawl Stone Soup version 0.26-a0-642-g67e9924 (webtiles) character file.

Game seed: 16152698505018525983

126 Crabhammer the Cudgeler (level 4, -6/67 HPs)
             Began as a Troll Berserker on Sept 22, 2020.
             Was a Believer of Trog.
             Mangled by an orc wizard
             ... wielding a +4 dagger of electrocution
              (17 damage)
             ... on level 2 of the Dungeon.
             The game lasted 00:05:20 (1140 turns).

Crabhammer the Cudgeler (Troll Berserker)           Turns: 1140, Time: 00:05:20

Health: -6/67      AC:  6    Str: 25    XL:     4   Next: 83%
Magic:  3/3        EV: 10    Int:  3    God:    Trog [**....]
Gold:   71         SH:  0    Dex: 10    Spells: 3/3 levels left

rFire    . . .     SeeInvis .   a - +0 mace
rCold    . . .     Faith    .   (no shield)
rNeg     . . .     Spirit   .   b - +0 animal skin
rPois    .         Reflect  .   (helmet restricted)
rElec    .         Harm     .   (no cloak)
rCorr    .         Rampage  .   (gloves unavailable)
MR       .....                  (boots unavailable)
Stlth    ..........             (no amulet)
HPRegen  0.61/turn              (no ring)
MPRegen  0.08/turn              (no ring)

@: berserking, very quick
A: large, unfitting armour, claws 3, regeneration 1, shaggy fur 1, tough skin 3
a: Berserk, Trog's Hand, Renounce Religion


You were on level 2 of the Dungeon.
You worshipped Trog.
Trog was pleased with you.
You visited 1 branch of the dungeon, and saw 2 of its levels.

You collected 71 gold pieces.

Inventory:

Hand Weapons
 a - a +0 mace (weapon)
Missiles
 c - 38 stones (quivered)
Armour
 b - a +0 animal skin (worn)
Scrolls
 f - 3 scrolls of teleportation {unknown}
 g - 2 scrolls of random uselessness {unknown}
 h - a scroll of amnesia {unknown}
 j - a scroll of noise {unknown}
 m - 2 scrolls of identify {unknown}
Potions
 d - 2 potions of haste {unknown}
 e - a potion of cancellation {unknown}
 i - 2 potions of flight {unknown}
 k - a potion of might {unknown}
 l - a potion of brilliance {unknown}


   Skills:
 * Level 3.1 Fighting
 * Level 4.1 Maces & Flails
 + Level 3.1 Dodging


You had 3 spell levels left.
You didn't know any spells.
Your spell library was empty.

Dungeon Overview and Level Annotations

Branches:
Dungeon (2/15)

Altars:
Fedhas

Annotations:
D:2 1 transporter


Innate Abilities, Weirdness & Mutations

You are too large for most types of armour.
You have claws for hands.
Your natural rate of healing is unusually fast.
You are covered in fur. (AC +1)
You have extremely tough skin. (AC +3)


Message History

You kill the worm!
Trog accepts your kill. The quokka barely misses you.
You sock the orc wizard!
The orc wizard is heavily wounded.
The orc wizard gestures wildly while chanting.
The orc wizard flickers and vanishes!
Deactivating autopickup; reactivate with Ctrl-A.
The quokka barely misses you.
You barely miss something. Something hits you but does no damage.
You are electrocuted!
* * * LOW HITPOINT WARNING * * *
The quokka bites you.
* * * LOW HITPOINT WARNING * * *
You miss something. Something hits you but does no damage.
The quokka bites you but does no damage.
You miss something. Something hits you.
* * * LOW HITPOINT WARNING * * *
You are electrocuted!
You die...

############
...........##
#########..# #
...©...##.#
#8.#...#.8#.#
#$?.#.#...#.##
#.(.....).#..##
#_$....@†.#©..#
..#}?....r{.#..)#
#.#$?.#.#...#.#.#
#.#8.#...#.8#.#.#
##.##.......##.#.#
....#########....#
..............#.######
.....................#
####†......<.......


You could see a quokka.

Vanquished Creatures
  A centaur (D:2)
  An ooze (D:1)
  A worm (D:2)
  A dart slug (D:1)
  A leopard gecko (D:1)
  3 bats (D:1)
  A giant cockroach (D:1)
  5 goblins (D:1)
  2 hobgoblins
  A quokka (D:2)
  2 frilled lizards (D:1)
  9 kobolds
  11 rats
39 creatures vanquished.

Notes
Turn   | Place    | Note
-------+----------+-------------------------------------------
     0 | D:1      | Crabhammer the Troll Berserker began the quest for the Orb.
     0 | D:1      | Reached XP level 1. HP: 22/22 MP: 0/0
   158 | D:1      | Reached XP level 2. HP: 29/29 MP: 1/1
   176 | D:1      | Reached skill level 3 in Maces & Flails
   421 | D:1      | Reached XP level 3. HP: 29/36 MP: 2/2
   479 | D:1      | Reached ** piety under Trog
  1080 | D:2      | Noticed a centaur
  1081 | D:2      | Found a transporter.
  1085 | D:2      | Found a blossoming altar of Fedhas.
  1120 | D:2      | Found a transporter.
  1131 | D:2      | Killed a centaur
  1131 | D:2      | Reached skill level 4 in Maces & Flails
  1131 | D:2      | Reached XP level 4. HP: 45/45 MP: 3/3
  1140 | D:2      | Mangled by an orc wizard

Illustrated notes

Levels and vault maps discovered:
D:1:      dpeg_arrival_signposts, layout_basic, serial_aquarium,
          aquarium_bridge_square [aquarium_subvault_bridge,
          aquarium_subvault_window, aquarium_subvault_window,
          aquarium_subvault_window], aquarium_window_fake,
          aquarium_window_corner, aquarium_window_fake, aquarium_view_2c,
          minmay_octomino_c4
D:2:      layout_rooms, gammafunk_temple_overflow_arena,
          lemuel_coloured_pillars_altar

Skill      XL: |  1  2  3 |
---------------+----------+-----
Maces & Flails | 3 4 |  4.1
Dodging        | 3 |  3.1
Fighting       | 3 |  3.1

Action                   |  1- 3 |  4- 6 || total
-------------------------+-------+-------++-------
Melee: Mace              |    94 |     9 ||   103
Throw: Stone             |     5 |       ||     5
Invok: Berserk           |     5 |       ||     5
Armor: Animal skin       |    38 |     5 ||    43
Dodge: Dodged            |    56 |     4 ||    60

Table legend: (Time is in decaauts)
 A = Elapsed time spent in this place.
 B = Non-inter-level travel time spent in this place.
 C = Inter-level travel time spent in this place.
 D = Time resting spent in this place.
 E = Time spent auto-exploring this place.
 F = Levels seen in this place.
 G = Mean time per level.
                   A        B        C        D        E       F      G
               +--------+--------+--------+--------+--------+-----+--------+
         Total |   1188 |   1141 |     47 |     84 |    660 |   2 |  594.0 |
       Dungeon |   1188 |   1141 |     47 |     84 |    660 |   2 |  594.0 |
               +--------+--------+--------+--------+--------+-----+--------+

Top non-repeatable levels by time:
     D:1: 1126 daAuts
     D:2: 61 daAuts
